 Dungeon Crawl Stone Soup version 0.17.1-3-g152610e (webtiles) character file.

771 kaze the Shield-Bearer (level 7, -1/54 HPs)
             Began as a Demonspawn Fighter on Apr 19, 2016.
             Slain by an orc warrior
             ... wielding a +0 halberd
              (23 damage)
             ... on level 7 of the Dungeon.
             The game lasted 00:07:55 (3051 turns).

kaze the Shield-Bearer (Demonspawn Fighter)         Turns: 3051, Time: 00:07:55

Health: -1/54      AC: 13    Str: 23    XL:     7   Next: 53%
Magic:  7/7        EV:  9    Int:  9    God:
Gold:   109        SH:  0    Dex: 13    Spells: 0 memorised, 6 levels left

rFire  . . .     SeeInvis .     m - +2 great mace (crush)
rCold  . . .     Clarity  .     p - +0 chain mail
rNeg   . . .     SustAt   .     (shield currently unavailable)
rPois  .         Gourm    .     (no helmet)
rElec  .         Spirit   .     (no cloak)
rCorr  .         Warding  .     (no gloves)
rMut   .         Stasis   .     (no boots)
MR     .....                    (no amulet)
Stlth  ..........               (no ring)
                                (no ring)

@: mighty, not resistant to hostile enchantments, extremely unstealthy
A: claws 2, iridescent scales 1, spiny 1
a: no special abilities


You were on level 7 of the Dungeon.
You were not hungry.

You visited 1 branch of the dungeon, and saw 6 of its levels.

You collected 205 gold pieces.
You spent 96 gold pieces at shops.

Inventory:

Hand Weapons
 a - a +3 war axe
 m - a +2 great mace of crushing (weapon)
Armour
 i - a +2 shield
 p - a +0 chain mail (worn)
Scrolls
 g - 3 scrolls of identify
 j - a scroll of teleportation
 o - 2 scrolls of immolation
 q - 2 scrolls of amnesia
 r - a scroll of enchant weapon
 t - 2 scrolls of enchant armour {unknown}
 u - a scroll of remove curse
 v - a scroll of fear {unknown}
Potions
 b - a potion of cure mutation {unknown}
 f - a potion of ambrosia
 k - a potion of brilliance
 l - a potion of agility {unknown}
Comestibles
 c - a chunk of flesh
 e - 2 bread rations
 h - a slice of pizza
 s - 5 fruits


   Skills:
 + Level 4.3 Fighting
 + Level 3.9(4.0) Axes
 + Level 1.0(2.7) Maces & Flails
 + Level 4.1 Armour
 + Level 2.3 Dodging
 + Level 0.2 Stealth
 + Level 5.0 Shields


You had 6 spell levels left.
You didn't know any spells.

Dungeon Overview and Level Annotations

Branches:
Dungeon (7/15)
 Temple: D:4-7

Altars:
Ashenzari
Dithmenos
Kikubaaqudgha
The Shining One

Shops:
D:4 !


Innate Abilities, Weirdness & Mutations

You have very sharp fingernails.
You are partially covered in iridescent scales (AC +4).
You are partially covered in sharp spines.


Message History

Your Shields skill increases to level 5!
You see here a worker ant corpse. 3 orcs, an orc warrior and an orc wizard come into view.
The orc shouts! x2
The orc wizard shouts!
The orc shouts!
The orc hits you with a dagger.
You see here 3 tomahawks.
The orc wizard mumbles some strange words.
The orc wizard flickers and vanishes!
Deactivating autopickup; reactivate with Ctrl-A.
The orc is struck by your spines. The orc closely misses you.
Drink which item? (? for menu, Esc to quit)
You feel very mighty all of a sudden.
You closely miss something.
The orc warrior hits you from afar with a halberd!
Something hits you but does no damage. Something hits you.
The orc warrior hits you but does no damage.
You barely miss something. Something hits you but does no damage.
The orc warrior hits you from afar with a halberd!!
You die...

#..# #... #..#
##### #..#
#####...#
#o.#####
......#.#
#.......
####....###o..##
.....#..@.oo(..#
#....###...##
##.#.# #...#
#.#†# #...# # #.#
#...#
#.#.###...####
#............#
.......#.######.#
........#.#


You could see an orc warrior and 2 orcs.

Vanquished Creatures
  Duvessa (D:7)
  A big kobold (D:7)
  Dowan (D:7)
  3 scorpions
  A crimson imp (D:5)
  3 orc wizards (D:3)
  An orc priest (D:3)
  2 worker ants (D:7)
  Natasha (thrice) (D:2 D:3)
  A hound zombie (D:5)
  7 adders
  An ooze (D:3)
  2 worms
  2 adder skeletons
  A giant gecko (D:2)
  7 orcs (D:3)
  2 ball pythons
  9 giant cockroaches
  10 goblins
  6 hobgoblins
  8 kobolds
  3 quokkas (D:4)
  5 bats
  7 giant newts
  4 jackals (D:2)
  9 rats
100 creatures vanquished.

Notes
Turn   | Place    | Note
--------------------------------------------------------------
     0 | D:1      | kaze the Demonspawn Fighter began the quest for the Orb.
     0 | D:1      | Reached XP level 1. HP: 18/18 MP: 1/1
   123 | D:1      | Gained mutation: You have sharp fingernails. [demonic ancestry]
   123 | D:1      | Reached XP level 2. HP: 24/24 MP: 2/2
   643 | D:2      | Gained mutation: You are partially covered in iridescent scales (AC +4). [demonic ancestry]
   643 | D:2      | Reached XP level 3. HP: 27/29 MP: 3/3
  1009 | D:2      | Noticed Natasha
  1018 | D:2      | Killed Natasha
  1018 | D:2      | Gained mutation: You are partially covered in sharp spines. [demonic ancestry]
  1018 | D:2      | Reached XP level 4. HP: 31/35 MP: 4/4
  1029 | D:2      | Noticed Natasha
  1039 | D:2      | Reached skill level 1 in Dodging
  1100 | D:2      | Killed Natasha
  1440 | D:3      | Reached XP level 5. HP: 39/41 MP: 5/5
  1700 | D:3      | Noticed Natasha
  1708 | D:3      | Killed Natasha
  1943 | D:3      | Reached skill level 4 in Shields
  1943 | D:3      | Gained mutation: You have very sharp fingernails. [demonic ancestry]
  1943 | D:3      | Reached XP level 6. HP: 41/48 MP: 6/6
  2205 | D:4      | Found Jebops's Distillery.
  2213 | D:4      | Bought a potion of heal wounds for 60 gold pieces
  2213 | D:4      | Bought a potion of curing for 36 gold pieces
  2373 | D:4      | Found a shattered altar of Ashenzari.
  2376 | D:4      | Found a glowing golden altar of the Shining One.
  2379 | D:4      | Found a shadowy altar of Dithmenos.
  2382 | D:4      | Found an ancient bone altar of Kikubaaqudgha.
  2937 | D:5      | Entered Level 5 of the Dungeon
  2962 | D:5      | You fall through a shaft for 2 floors!
  2965 | D:7      | Reached XP level 7. HP: 38/54 MP: 7/7
  2966 | D:7      | Noticed Duvessa
  2970 | D:7      | Noticed Dowan
  2974 | D:7      | Killed Dowan
  2977 | D:7      | Killed Duvessa
  3005 | D:7      | Reached skill level 1 in Maces & Flails
  3035 | D:7      | Reached skill level 5 in Shields
  3051 | D:7      | Slain by an orc warrior

Action                   |  1- 3 |  4- 6 |  7- 9 || total
-------------------------+-------+-------+-------++-------
Melee: War axe           |   110 |   101 |       ||   211
       Great mace        |       |    17 |    22 ||    39
  Use: Scroll            |       |    13 |       ||    13
       Potion            |       |     1 |     3 ||     4
  Eat: Bread ration      |       |     1 |       ||     1
       Pizza             |       |     1 |       ||     1
       Beef jerky        |       |     1 |       ||     1
